 Dungeon Crawl Stone Soup version 0.26.1-11-gd32895ea62 (webtiles) character file.

Game seed: 5555800549672407945

774 Zeld the Cruncher (level 7, -17/45 HPs)
             Began as an Octopode Gladiator on May 22, 2021.
             Was an Initiate of Okawaru.
             Demolished by a two-headed ogre
             ... wielding a +0 giant spiked club
              (27 damage)
             ... on level 5 of the Dungeon.
             The game lasted 00:04:41 (6376 turns).

Zeld the Cruncher (Octopode Gladiator)              Turns: 6376, Time: 00:04:42

Health: -17/45     AC:  1    Str: 15    XL:     7   Next: 84%
Magic:  7/7        EV: 14    Int: 11    God:    Okawaru [......]
Gold:   206        SH:  0    Dex: 13    Spells: 6/6 levels left

rFire    . . .     SeeInvis .   a - +0 quarterstaff
rCold    . . .     Faith    .   (shield currently unavailable)
rNeg     . . .     Spirit   .   b - +0 hat
rPois    .         Reflect  .   (no amulet)
rElec    .         Harm     .   (no ring)
rCorr    .         Rampage  .   (no ring)
Will     .....                  (no ring)
Stlth    ++........             (no ring)
HPRegen  0.15/turn              (no ring)
MPRegen  0.10/turn              (no ring)
                                (no ring)
                                (no ring)

@: no status effects
A: almost no armour, stealthy swim, amphibious, 8 rings, constrict 8, camouflage
1, gelatinous body 1
a: Renounce Religion


You were on level 5 of the Dungeon.
You worshipped Okawaru.
Okawaru was noncommittal.
You visited 2 branches of the dungeon, and saw 6 of its levels.

You collected 206 gold pieces.

Inventory:

Hand Weapons
 a - a +0 quarterstaff (weapon)
Missiles
 c - 3 throwing nets
 m - 11 poisoned darts (quivered)
 v - 15 boomerangs
Armour
 b - a +0 hat (worn)
Jewellery
 w - an uncursed amulet of guardian spirit {unknown}
 x - an uncursed ring of magical power {unknown}
Scrolls
 f - 2 scrolls of identify {unknown}
 j - 4 scrolls of remove curse {unknown}
 k - a scroll of teleportation {unknown}
 n - a scroll of amnesia {unknown}
 o - a scroll of fog {unknown}
 q - a scroll of enchant armour {unknown}
 s - a scroll of fear {unknown}
Potions
 d - 2 potions of haste {unknown}
 e - a potion of brilliance {unknown}
 g - 2 potions of might {unknown}
 h - 2 potions of lignification {unknown}
 i - 2 potions of curing {unknown}
 l - a potion of flight {unknown}
 p - 2 potions of magic {unknown}
 r - a potion of cancellation {unknown}
 t - a potion of mutation {unknown}
 u - a potion of degeneration {unknown}


   Skills:
 - Level 2.0 Fighting
 * Level 9.0 Staves
 - Level 2.0 Throwing
 - Level 3.0 Dodging


You had 6 spell levels left.
You didn't know any spells.
Your spell library contained the following spells:

 Spells                   Type           Power        Failure   Level
 Confusing Touch          Hex            0%           71%         3
 Gell's Gravitas          Tloc           0%           71%         3
 Petrify                  Tmut/Erth      0%           98%         4
 Metabolic Englaciation   Hex/Ice        0%           100%        5
 Yara's Violent Unravell  Hex/Tmut       0%           100%        5


Dungeon Overview and Level Annotations

Branches:
Dungeon (5/15)             Temple (1/1) D:5

Altars:
Cheibriados
Dithmenos
Fedhas
Gozag
Hepliaklqana
Kikubaaqudgha
Makhleb
Nemelex Xobeh
Okawaru
Ru
Sif Muna
Trog
Uskayaw
Vehumet
Wu Jian
Xom
Yredelemnul
Zin
The Shining One


Innate Abilities, Weirdness & Mutations

You cannot wear most types of armour.
You are very stealthy in the water. (Stealth+)
You are amphibious.
You can wear up to eight rings at the same time.
You can use your tentacles to constrict eight enemies at once.
Your skin changes colour to match your surroundings (Stealth+).
Your rubbery body absorbs attacks. (AC +1, EV +1)


Message History

You constrict the iguana. You hit the iguana but do no damage.
The iguana is severely wounded.
You constrict the iguana. The iguana barely misses you.
You sock the iguana!
You kill the iguana!
Okawaru accepts your kill.
A two-headed ogre comes into view.
It is wielding a +0 giant spiked club and a +0 giant club.
Your Staves skill increases to level 9!
A two-headed ogre is nearby!
A two-headed ogre is nearby!
A two-headed ogre is nearby!
Okay, then.
The two-headed ogre barely misses you.
The two-headed ogre hits you with a +0 giant club!!
Ouch! That really hurt!
* * * LOW HITPOINT WARNING * * *
The two-headed ogre hits you with a +0 giant spiked club!!
Ouch! That really hurt!
You die...

................# #.# #.#
................###.###.#
#...............'.._###.##
##.......#......###.###..#
.##......##.....# #.# #..#
..##..........#.###+###..#
.. ##.........#..........#
.. ##.......###O#.##....#
### ... #.......#
#@#.......####.###
#.......###........###......
#.##...........##### #......
+.##.........### ##.....#
+.##..###..### #......#
###..## #.(## ##..<..##
##..# ##..## ##....)...
#..## #....# ###.........
##..#####.#..####...........


You could see a two-headed ogre.

Vanquished Creatures
  Eustachio (D:4)
  An ogre (D:4)
  A jelly (D:4)
  3 orc priests
  An iguana (D:5)
  3 orc wizards
  2 worker ants (D:4)
  A hound zombie (D:5)
  4 gnolls (D:2)
  11 adders
  A white imp (D:5)
  2 worms
  6 dart slugs
  2 leopard geckos (D:1)
  11 orcs
  A ball python (D:2)
  4 giant cockroaches
  7 goblins
  9 hobgoblins
  10 jackals
  9 kobolds
  2 quokkas
  4 bats
  4 frilled lizards
  A leopard gecko skeleton (D:3)
  12 rats
  3 rat zombies (D:2)
116 creatures vanquished.

Notes
Turn   | Place    | Note
-------+----------+-------------------------------------------
     0 | D:1      | Zeld the Octopode Gladiator began the quest for the Orb.
     0 | D:1      | Reached XP level 1. HP: 14/14 MP: 1/1
   301 | D:1      | Reached XP level 2. HP: 15/19 MP: 2/2
   821 | D:1      | Reached skill level 4 in Staves
  1004 | D:1      | Reached XP level 3. HP: 24/24 MP: 3/3
  1616 | D:2      | Reached XP level 4. HP: 16/29 MP: 4/4
  1860 | D:2      | Reached skill level 5 in Staves
  2327 | D:2      | Reached XP level 5. HP: 32/34 MP: 5/5
  2592 | D:2      | Reached skill level 6 in Staves
  2876 | D:2      | Found an ancient bone altar of Kikubaaqudgha.
  3531 | D:3      | Reached XP level 6. HP: 28/39 MP: 6/6
  3947 | D:4      | Reached skill level 7 in Staves
  4344 | D:4      | Reached XP level 7. HP: 33/45 MP: 7/7
  4554 | D:4      | Noticed Eustachio
  4696 | D:4      | Killed Eustachio
  4697 | D:4      | Reached skill level 8 in Staves
  5279 | D:5      | Entered Level 5 of the Dungeon
  5298 | D:5      | Found a staircase to the Ecumenical Temple.
  5308 | Temple   | Entered the Ecumenical Temple
  5406 | Temple   | Became a worshipper of Warmaster Okawaru
  6269 | D:5      | Found a shadowy altar of Dithmenos.
  6349 | D:5      | Noticed a two-headed ogre
  6350 | D:5      | Reached skill level 9 in Staves
  6376 | D:5      | Demolished by a two-headed ogre

Illustrated notes

Levels and vault maps discovered:
D:1:      dpeg_arrival_windows_large_door, layout_basic
D:2:      minmay_general_purpose_star, layout_basic,
          lemuel_zombie_altar_kikubaaqudgha, minmay_heptomino_l4
D:3:      layout_basic
D:4:      layout_loops_cross, uniq_eustachio
D:5:      kennysheep_big_flooded_room, layout_layer_cave, lemuel_doored_altar,
          minmay_temple_entry_water_ring, basic_altar
Temple:   minmay_crystal_spiral_temple

Skill      XL: |  1  2  3  4  5  6  7 |
---------------+----------------------+-----
Staves         | 4 5 6 7 9 |  9.0
Fighting       | |  2.0
Throwing       | |  2.0
Dodging        | |  3.0

Action                   |  1- 3 |  4- 6 |  7- 9 || total
-------------------------+-------+-------+-------++-------
Melee: Quarterstaff      |    66 |   115 |    65 ||   246
       Constrict         |    21 |    31 |    19 ||    71
       Tentacles         |    10 |    19 |    14 ||    43
 Stab: Sleeping          |     8 |     1 |     1 ||    10
Armor: Skin              |     3 |     3 |     4 ||    10
Dodge: Dodged            |    37 |    84 |    48 ||   169
